 Dungeon Crawl Stone Soup version bcrawl-1.38.3 (webtiles) character file.

Game seed: 4168908650800867322

269598 vcxz the Fighter (level 9, -6/97 HPs)
             Began as a Naga Archaeologist on June 8, 2023.
             Was a Priest of Okawaru.
             Mangled by a two-headed ogre
             ... wielding a cursed +0 giant club
              (16 damage)
             ... on level 8 of the Dungeon.
             The game lasted 00:10:33 (6904 turns).

vcxz the Fighter (Naga Archaeologist)               Turns: 6904, Time: 00:10:34

Health: -6/97      AC: 14    Str: 18 (20) XL:     9   Next: 73%
Magic:  12/12      EV: 13    Int: 26 (28) God:    Okawaru [***...]
Gold:   583        SH:  0    Dex: 12 (14) Spells: 8/8 levels left

rFire    . . .     GDR:     24% k - +2 short sword (elec)
rCold    + + .     SeeInvis +   (no shield)
rNeg     . . .     Gourm    .   c - +2 steam dragon scales
rPois    +         Faith    .   d - +1 hat
rElec    .         Spirit   .   (no cloak)
rCorr    .         Reflect  .   (no gloves)
MR       +....                  h - +0 barding "Ompumme" {rC+ Str+7}
Stlth    +++.......             (no amulet)
HPRegen  0.26/turn              p - +2 ring of protection
MPRegen  0.13/turn              E - ring "Qematuh" {+Fly rC+ Int+4 Stlth-}

@: brilliant, agile, about to teleport, lightly drained, very slow
A: large, tail, swims, see invisible, deformed body, poison resistance, slowness
2, slow metabolism 1, spit poison 1, AC +3
a: Spit Poison, Heroism, Renounce Religion, Evoke Flight


You were on level 8 of the Dungeon.
You worshipped Okawaru.
Okawaru was most pleased with you.
You were very hungry.

You visited 2 branches of the dungeon, and saw 9 of its levels.

You collected 583 gold pieces.

Inventory:

Hand Weapons
 k - a +2 short sword of electrocution (weapon)
 y - a +2 lajatang of protection
Armour
 a - a +2 ring mail of fire resistance
 c - +2 steam dragon scales (worn)
 d - a +1 hat (worn)
 h - the +0 barding "Ompumme" (worn) {rC+ Str+7}
   (You acquired it on level 3 of the Dungeon)

   It affects your strength (+7).
   It protects you from cold.
 G - a +2 large shield
Jewellery
 p - a +2 ring of protection (left hand)
 E - the ring "Qematuh" (right hand) {+Fly rC+ Int+4 Stlth-}
   (You found it on level 6 of the Dungeon)

   [ring of flight]

   It affects your intelligence (+4).
   It protects you from cold.
   It lets you fly.
   It makes you less stealthy.
Wands
 f - a wand of polymorph (5)
 m - a wand of iceblast (5)
 v - a wand of clouds (4)
 D - a wand of flame (8)
Scrolls
 g - a scroll of magic mapping
 i - a scroll of identify
 j - a scroll of immolation {unknown}
 n - 2 scrolls of noise
 s - 3 scrolls of remove curse
 t - a scroll of teleportation
 B - 2 scrolls of amnesia {unknown}
 C - a scroll of blinking {unknown}
 F - a scroll of fog {unknown}
Potions
 b - a potion of resistance
 l - 2 potions of lignification
 o - 8 potions of curing
 q - 2 potions of haste
 r - 3 potions of heal wounds
 u - a potion of degeneration
 w - a potion of magic
 z - a potion of flight
 A - 2 potions of brilliance
Comestibles
 e - 10 rations {!d}


   Skills:
 - Level 11.6(11.2) Fighting
   Level 1.0(1.4) Maces & Flails
 * Level 2.3(2.1) Staves
 - Level 2.4(2.0) Dodging
 - Level 4.8(4.4) Stealth
 - Level 5.1(4.7) Invocations


You had 8 spell levels left.
You didn't know any spells.
Your spell library was empty.

Dungeon Overview and Level Annotations

Branches:
Dungeon (8/12)             Temple (1/1) D:4
   Lair: D:7-9          Orc: D:8-11

Altars:
Ashenzari
Cheibriados
Dithmenos
Elyvilon
Fedhas
Gozag
Kikubaaqudgha
Lugonu
Makhleb
Nemelex Xobeh
Okawaru
Qazlal
Trog
Uskayaw
Vehumet
Wu Jian
Xom
Yredelemnul
Zin
The Shining One

Shops:
D:5 }


Innate Abilities, Weirdness & Mutations

You cannot wear boots.
You can swim through water.
Your serpentine skin is tough. (AC +3)
You have supernaturally acute eyesight. (SInv)
Armour fits poorly on your strangely shaped body.
Your system is resistant to poisons. (rPois)
You cover ground very slowly.
You have a slow metabolism.
You can spit poison.


Message History

A worker ant comes into view.
You hear an angry hiss. x2; You hear an angry growl.
Okay, then.
Okay, then.
As you read the scroll labeled ZYOMIA JAMAXI, it crumbles to dust.
You feel blessed for a moment.
It was a scroll of remove curse.
An adder zombie comes into view.
The two-headed ogre hits you with a cursed +0 giant club!
The two-headed ogre misses you.
The cyan ugly thing gores you but does no damage.
The worker ant barely misses you.
As you read the scroll labeled VESSIX MOASAA, it crumbles to dust.
You feel strangely unstable.
It was a scroll of teleportation.
The worker ant bites you but does no damage.
The cyan ugly thing gores you. The cyan ugly thing shocks you!
* * * LOW HITPOINT WARNING * * *
The two-headed ogre hits you with a cursed +0 giant club!!
* * * LOW HITPOINT WARNING * * *
The two-headed ogre hits you with a +0 giant club!
You die...

.##### #. ......
#.#######.....
#...........### .
#.............. ..
#.........#..##.#
#....[.<........#
#......$5###Z.#.#.
#.#..Z..hu@Oc.....
#..).######a#...##
#.... #.# ... #...
#.. # ... #.. ...
..# ... ##


You could see a cyan ugly thing, a two-headed ogre, a centaur, a howler monkey,
a worker ant, a shadow imp, an adder zombie and a wyvern zombie.

Vanquished Creatures
  2 steam dragons (D:7)
  2 hungry ghosts (D:7)
  Menkaure (D:6)
  Duvessa (D:6)
  2 sky beasts
  An ice beast (D:5)
  3 ogres
  A necrophage (D:7)
  A bullfrog (D:3)
  3 centaurs
  2 wyvern skeletons (D:7)
  Dowan (D:6)
  6 killer bees (D:7)
  2 orc priests
  3 crimson imps
  A bullfrog zombie (D:6)
  2 hounds (D:7)
  2 bullfrog skeletons
  4 orc wizards
  4 worker ants
  A killer bee zombie (D:5)
  A hound skeleton (D:6)
  A worker ant zombie (D:6)
  3 gnolls (D:4)
  6 adders
  3 oozes
  2 adder zombies
  2 adder skeletons
  3 worms
  A dart slug (D:4)
  4 leopard geckos
  19 orcs
  6 bats
  2 giant cockroaches (D:2)
  5 goblins
  7 jackals
  4 quokkas
  2 ball pythons
  7 frilled lizards
  A jackal skeleton (D:4)
  A jackal zombie (D:5)
  8 kobolds
  A quokka zombie (D:6)
  7 rats
  2 plants (D:7)
143 creatures vanquished.

Vanquished Creatures (others)
  2 fungi (D:8)
  19 toadstools (D:7)
21 creatures vanquished.

Grand Total: 164 creatures vanquished

Notes
Turn   | Place    | Note
-------+----------+-------------------------------------------
     0 | D:1      | vcxz the Naga Archaeologist began the quest for the Orb.
     0 | D:1      | Reached XP level 1. HP: 18/18 MP: 1/1
   179 | D:1      | Reached skill level 2 in Fighting
   179 | D:1      | Reached XP level 2. HP: 26/26 MP: 2/2
   914 | D:2      | Reached XP level 3. HP: 32/33 MP: 3/3
   938 | D:2      | Reached skill level 3 in Fighting
  1124 | D:2      | Found a hide-covered altar of Uskayaw.
  1138 | D:2      | Reached XP level 4. HP: 25/44 MP: 4/4
  1501 | D:3      | Noticed a bullfrog
  1507 | D:3      | Killed a bullfrog
  1508 | D:3      | Reached skill level 4 in Fighting
  1508 | D:3      | Reached XP level 5. HP: 23/51 MP: 5/5
  1508 | D:3      | Identified a scroll of acquirement
  1508 | D:3      | Identified the +0 barding "Ompumme" {rC+ Str+7} (You
                  | acquired it on level 3 of the Dungeon)
  1508 | D:3      | Identified the ring "Mocs" {Fire Str+4} (You acquired it on
                  | level 3 of the Dungeon)
  1942 | D:3      | Reached skill level 5 in Fighting
  2448 | D:4      | Noticed a sky beast
  2480 | D:4      | Killed a sky beast
  2481 | D:4      | Reached skill level 6 in Fighting
  2481 | D:4      | Reached XP level 6. HP: 43/63 MP: 6/6
  2600 | D:4      | Found a staircase to the Ecumenical Temple.
  2609 | Temple   | Entered the Ecumenical Temple
  2835 | Temple   | Became a worshipper of Warmaster Okawaru
  2866 | D:4      | Reached skill level 7 in Fighting
  2866 | D:4      | Reached skill level 1 in Invocations
  2866 | D:4      | Reached XP level 7. HP: 28/72 MP: 6/8
  3346 | D:5      | Entered Level 5 of the Dungeon
  3755 | D:5      | Reached * piety under Okawaru
  3787 | D:5      | Reached skill level 8 in Fighting
  3858 | D:5      | Reached XP level 8. HP: 61/81 MP: 10/10
  3909 | D:5      | Noticed a cyan ugly thing
  3939 | D:5      | Found Souch's Gadget Boutique.
  4377 | D:5      | Found an opulent altar of Gozag.
  4675 | D:6      | Found a radiant altar of Vehumet.
  4693 | D:6      | Reached skill level 9 in Fighting
  4810 | D:6      | Got a translucent amber ring
  4922 | D:6      | Noticed Menkaure
  4927 | D:6      | Killed Menkaure
  4927 | D:6      | Reached ** piety under Okawaru
  5021 | D:6      | Noticed Duvessa
  5021 | D:6      | Noticed Dowan
  5036 | D:6      | Killed Dowan
  5047 | D:6      | Killed Duvessa
  5264 | D:6      | Reached skill level 10 in Fighting
  5359 | D:6      | Identified the ring "Qematuh" {+Fly rC+ Int+4 Stlth-} (You
                  | found it on level 6 of the Dungeon)
  5567 | D:7      | Reached XP level 9. HP: 94/94 MP: 12/12
  5765 | D:7      | Reached skill level 11 in Fighting
  6043 | D:7      | Reached *** piety under Okawaru
  6044 | D:7      | Reached skill level 5 in Invocations
  6495 | D:7      | Paralysed by fainting for 12 turns
  6514 | D:7      | Reached skill level 1 in Staves
  6562 | D:7      | Found a blossoming altar of Fedhas.
  6900 | D:8      | Noticed a two-headed ogre
  6904 | D:8      | Mangled by a two-headed ogre

Skill      XL: |  1  2  3  4  5  6  7  8  9 |
---------------+----------------------------+-----
Fighting       | 2 3 4 6 7 8 10 11 | 11.6
Invocations    | 1 3 4 5 |  5.1
Staves         | 2 |  2.3
Maces & Flails | |  1.0
Dodging        | |  2.4
Stealth        | |  4.8

Action                   |  1- 3 |  4- 6 |  7- 9 || total
-------------------------+-------+-------+-------++-------
Melee: Whip              |    18 |       |       ||    18
       Short sword       |    63 |   102 |   425 ||   590
 Abil: Spit Poison       |     2 |       |     2 ||     4
  Use: Potion            |       |     2 |    11 ||    13
       Scroll            |       |     1 |    10 ||    11
 Stab: Sleeping          |     4 |     2 |       ||     6
  Eat: Chunk             |     2 |     7 |    17 ||    26
       Ration            |       |       |     5 ||     5
Armor: Robe              |    28 |    52 |    11 ||    91
       Skin              |       |    12 |    28 ||    40
       Ring mail         |       |       |   226 ||   226
       Steam dragon scal |       |       |    64 ||    64
Dodge: Dodged            |    66 |    47 |   148 ||   261
